 Dungeon Sprint DCSS version 0.27.1-34-g3ba077fa99 (webtiles) character file.

Game seed: 5408628997388590705

1614 chmiii the Basher (level 8, -5/133 HPs)
             Began as a Troll Berserker on Jan 30, 2022.
             Was an Elder of Trog.
             Slain by a demonic crawler (7 damage)
             ... in the Dungeon (Sprint I: "Red Sonja").
             The game lasted 00:03:40 (308 turns).

chmiii the Basher (Troll Berserker)                  Turns: 308, Time: 00:03:40

Health: -5/133     AC:  6    Str: 26    XL:     8   Next: 64%
Magic:  7/7        EV: 12    Int:  3    God:    Trog [****..]
Gold:   270        SH:  0    Dex: 11    Spells: 7/7 levels left

rFire    . . .     SeeInvis .   a - +0 giant club
rCold    . . .     Faith    .   (shield currently unavailable)
rNeg     + . .     Spirit   .   k - +2 robe {rN+}
rPois    .         Reflect  .   (helmet restricted)
rElec    .         Harm     .   (no cloak)
rCorr    .         Rampage  .   (gloves unavailable)
Will     .....     NoTele   +   (boots unavailable)
Stlth    ..........             (no amulet)
HPRegen  1.32/turn              (no ring)
MPRegen  0.10/turn              (no ring)

@: berserking (expiring), very quick
A: large, unfitting armour, claws 3, regeneration 1, shaggy fur 1, tough skin 1
a: Renounce Religion, Berserk, Trog's Hand, Brothers in Arms


You were in the Dungeon.
You worshipped Trog.
Trog was greatly pleased with you.
You visited 1 branch You collected 270 gold pieces.

Inventory:

Hand Weapons
 a - a +0 giant club (weapon)
Armour
 k - a +2 robe of positive energy (worn)
Wands
 i - a wand of flame (20)
Scrolls
 h - a scroll of blinking
Potions
 c - a potion of curing
 d - a potion of heal wounds
 e - a potion of haste
 f - 2 potions of magic
 g - a potion of berserk rage


   Skills:
 + Level 8.6 Fighting
 * Level 12.6 Maces & Flails
 + Level 8.6 Dodging


You had 7 spell levels left.
You didn't know any spells.
Your spell library was empty.

Dungeon Overview and Level Annotations

Branches:
Dungeon (1/1)

Altars:
Makhleb
Sif Muna
Vehumet
Wu Jian
Xom
Jiyva
Lugonu


Innate Abilities, Weirdness & Mutations

You are too large for most types of armour.
You have claws for hands.
Your natural rate of healing is unusually fast.
You are covered in fur. (AC +1)
You have tough skin. (AC +1)


Message History

You see here a demonic crawler corpse.
You sock the demonic crawler!
You kill the demonic crawler!
Trog accepts your kill. The demonic crawler misses you.
The demonic crawler closely misses you. The demonic crawler barely misses you.
The demonic crawler closely misses you. x3
You hit the demonic crawler but do no damage.
The demonic crawler hits you. The demonic crawler hits you! x2
* * * LOW HITPOINT WARNING * * *
The demonic crawler barely misses you. x2
The demonic crawler hits you but does no damage.
You barely miss the demonic crawler. You barely miss the demonic crawler.
The demonic crawler hits you.
* * * LOW HITPOINT WARNING * * *
The demonic crawler hits you.
* * * LOW HITPOINT WARNING * * *
The demonic crawler hits you but does no damage.
The demonic crawler hits you.
* * * LOW HITPOINT WARNING * * *
The demonic crawler closely misses you. The demonic crawler misses you.
You hit the demonic crawler.
The demonic crawler is lightly wounded.
The demonic crawler barely misses you.
The demonic crawler hits you but does no damage. x3
The demonic crawler closely misses you. The demonic crawler hits you.
* * * LOW HITPOINT WARNING * * *
You hit the demonic crawler but do no damage.
The demonic crawler is lightly wounded.
The demonic crawler hits you!
* * * LOW HITPOINT WARNING * * *
The demonic crawler hits you.
* * * LOW HITPOINT WARNING * * *
The demonic crawler closely misses you. The demonic crawler hits you!
* * * LOW HITPOINT WARNING * * *
The demonic crawler hits you but does no damage.
The demonic crawler misses you.
You bludgeon the demonic crawler!!
The demonic crawler is heavily wounded.
The demonic crawler hits you!
You die...

#################
#..'..#__#..)...#
'[.#..'..'..#..†##+#
#####'#__####...@s.#
# #:####?[#####s.+ #
##(#§§≈§c +##
#_.+≈§§ +..._#≈§§.c
#_.#+##+### ##+


You could see 2 demonic crawlers.

Vanquished Creatures
  2 kobold demonologists (D)
  2 demonic crawlers (D)
  A slime creature (D)
  Sigmund (D)
  A floating eye (D)
  An ogre (D)
  A jelly (D)
  Ijyb (D)
10 creatures vanquished.

Notes
Turn   | Place    | Note
-------+----------+-------------------------------------------
     0 | D        | chmiii the Troll Berserker began the quest for the Orb.
     0 | D        | Reached XP level 1. HP: 22/22 MP: 0/0
     2 | D        | Noticed Ijyb
    10 | D        | Killed Ijyb
    11 | D        | Reached skill level 4 in Maces & Flails
    11 | D        | Reached XP level 2. HP: 31/31 MP: 1/1
    46 | D        | Noticed an ogre
    53 | D        | Killed an ogre
    54 | D        | Reached skill level 6 in Maces & Flails
    54 | D        | Reached XP level 3. HP: 40/40 MP: 2/2
    54 | D        | Reached XP level 4. HP: 49/49 MP: 3/3
    99 | D        | Noticed Sigmund
   106 | D        | Killed Sigmund
   106 | D        | Reached ** piety under Trog
   107 | D        | Reached skill level 5 in Fighting
   107 | D        | Reached skill level 8 in Maces & Flails
   107 | D        | Reached skill level 5 in Dodging
   107 | D        | Reached XP level 5. HP: 59/59 MP: 4/4
   176 | D        | Found an ornate altar of the Wu Jian Council.
   176 | D        | Found a shimmering blue altar of Sif Muna.
   178 | D        | Found a radiant altar of Vehumet.
   181 | D        | Reached XP level 6. HP: 67/67 MP: 5/5
   183 | D        | Noticed a centaur warrior
   191 | D        | Found a burning altar of Makhleb.
   191 | D        | Found a viscous altar of Jiyva.
   191 | D        | Found a shimmering altar of Xom.
   191 | D        | Found a corrupted altar of Lugonu.
   191 | D        | Noticed a slime creature
   195 | D        | Killed a slime creature
   196 | D        | Reached skill level 10 in Maces & Flails
   218 | D        | Noticed a centaur warrior
   239 | D        | Noticed a kobold demonologist
   239 | D        | Noticed a floating eye
   239 | D        | Noticed a kobold demonologist
   241 | D        | Noticed a hellwing
   241 | D        | Paralysed by a floating eye for 3 turns
   242 | D        | Noticed an orange demon
   244 | D        | Killed a floating eye
   244 | D        | Reached *** piety under Trog
   245 | D        | Reached XP level 7. HP: 78/78 MP: 6/6
   246 | D        | Killed a kobold demonologist
   247 | D        | Reached skill level 11 in Maces & Flails
   253 | D        | Killed a kobold demonologist
   253 | D        | Reached **** piety under Trog
   254 | D        | Reached XP level 8. HP: 88/88 MP: 7/7
   293 | D        | Noticed a demonic crawler
   293 | D        | Noticed a demonic crawler
   293 | D        | Noticed a demonic crawler
   293 | D        | Noticed a demonic crawler
   297 | D        | Killed a demonic crawler
   298 | D        | Reached skill level 12 in Maces & Flails
   302 | D        | Killed a demonic crawler
   307 | D        | HP: 2/133 [demonic crawler (8)]
   308 | D        | Slain by a demonic crawler

Illustrated notes

Levels and vault maps discovered:
D:        dungeon_sprint_1 [red_sonja_temple_1, red_sonja_temple_small_1]

Skill      XL: |  1  2  3  4  5  6  7  8 |
---------------+-------------------------+-----
Fighting       | 3 4 5 7 8 |  8.6
Maces & Flails | 4 6 8 10 11 12 | 12.6
Dodging        | 3 4 5 7 8 |  8.6

Action                   |  1- 3 |  4- 6 |  7- 9 || total
-------------------------+-------+-------+-------++-------
Melee: Mace              |    12 |       |       ||    12
       Giant club        |       |    10 |    22 ||    32
Invok: Berserk           |     2 |     2 |     1 ||     5
       Trog's Hand       |       |     1 |       ||     1
Armor: Animal skin       |     1 |       |       ||     1
       Robe              |       |     1 |     9 ||    10
Dodge: Dodged            |     5 |     2 |    25 ||    32
